Connexion

Crunch vs Sound Tigers

Created - 8 janvier 2024 at 05:47

Goals
1 2 3 T
Crunch 2 1 0 3
Sound Tigers 1 3 2 6
Shots
1 2 3 T
Crunch 15 8 4 27
Sound Tigers 5 13 15 33

GoalsPenalties
1st period
1. Crunch , Axel Andersson 5 (Thomas Tynan 34, Connor Corcoran 17) at 5:14 (PP)
2. Crunch , Mike Vecchione 17 (Riley Nash 3, Mason Shaw 28) at 6:36
3. Sound Tigers , Ashton Sautner 8 (Jesper Fasth 27, Jaret Anderson-Dolan 6) at 7:56 (PP)
Christian Wolanin (BRP) for Roughing (Minor) at 4:27
Garnet Hathaway (SYR) for Holding (Minor) at 7:47
2nd period
4. Sound Tigers , Tyler Pitlick 22 (Ashton Sautner 37, Jimmy Vesey 18) at 0:29 (PP)
5. Crunch , Connor Corcoran 10 (Axel Andersson 38, Mason Shaw 29) at 9:00 (PP)
6. Sound Tigers , Jaret Anderson-Dolan 2 (Joel Armia 21, Markus Phillips 17) at 11:28
7. Sound Tigers , Jonny Brodzinski 3 (Ashton Sautner 38, Lukas Sedlak 13) at 11:48
Jaycob Megna (SYR) for Tripping (Minor) at 0:11
Tyler Pitlick (BRP) for Tripping (Minor) at 1:41
Zach Bogosian (BRP) for Hooking (Minor) at 7:03
Aaron Luchuk (SYR) for Roughing (Minor) at 15:26
3rd period
8. Sound Tigers , Eric Staal 14 (Jimmy Vesey 19, Markus Phillips 18) at 10:27
9. Sound Tigers , Jimmy Vesey 12 (Markus Phillips 19, Tyler Pitlick 17) at 13:12
Martin Pospisil (BRP) for Hooking (Minor) at 3:14
Mason Shaw (SYR) for Tripping (Minor) at 14:16
Goalie Stats
Anthony Stolarz (SYR), 27 saves from 33 shots - (0,818), L, 27-19-4, 60:00 minutes
Alex Lyon (BRP), 24 saves from 27 shots - (0,889), W, 20-14-0, 60:00 minutes
3 StarsOfficial
1 - Jimmy Vesey (BRP)
2 - Ashton Sautner (BRP)
3 - Markus Phillips (BRP)
Referees : Dan O'Rourke and Dan O'Halloran
Linesman : Brad Lazarowich and Mike Cvik
Game Note
Ryan MacInnis is injured at 6:00 of 1st period (Back)
Finance
Level 1 -- Attendance: 992 (49,60%) -- Ticket Income $64,480
Level 2 -- Attendance: 337 (33,70%) -- Ticket Income $16,850
Total Attendance: 1329 (44,30%)
Total Ticket Income: $81,330
Other Income: $16,266
Total Income: $97,596



Team Name Goals Shots Shots Attemp Shots Blocked PIM HIT PP PK FO%
Crunch 3275658332 / 4 (50%)242%
Sound Tigers 63352108172 / 4 (50%)258%

Crunch
Player Name POS G A P +/- PIM HIT SHT SB MP PP MP PP SHT PK MP PK SHT FO% FOT
Aaron LuchukC000020004:220:0000:0000% 6
Austin StrandD000-1031225:352:4002:1800% 0
Axel AnderssonD1120004021:484:0232:0700% 0
Blaine ByronC/LW000-2053018:412:3600:000100% 1
Connor CorcoranD1120062221:484:0222:0700% 0
Garnet HathawayRW000-1251014:140:4200:000100% 1
Jaycob MegnaD000-1250125:282:4002:1200% 0
Jean-Christophe BeaudinC/RW000-2012018:412:3600:000100% 1
Kody ClarkRW000000000:420:4200:0000% 0
Mason ShawC/LW0220203019:113:2410:5600% 0
Mike VecchioneC/RW1010007019:333:2421:17050% 2
Mikko KokkonenD000-2020012:370:0000:0000% 0
Nicolas Aube-KubelRW000002004:560:0000:33050% 2
Patrick HarperC/LW000-1001013:330:0000:00019% 16
Paul BittnerLW000-1021013:330:0000:000100% 1
Riley NashC0110010025:353:2402:56046% 35
Thomas TynanC011-2002022:313:1803:08052% 23
Xavier BouchardD000-2010012:430:0000:0600% 0
Sound Tigers
Player Name POS G A P +/- PIM HIT SHT SB MP PP MP PP SHT PK MP PK SHT FO% FOT
Ashton SautnerD1231001226:133:0114:2900% 0
Christian WolaninD000-1250320:541:2402:3900% 0
Eric StaalC/LW1012004019:531:4221:41070% 27
Jaret Anderson-DolanC1121012023:092:4315:01042% 26
Jesper FasthLW/RW0111011019:492:4311:41067% 6
Jimmy SchuldtD0003000014:210:0001:0300% 0
Jimmy VeseyLW/RW1232026018:121:4200:0000% 0
Joel ArmiaRW0111034026:232:4314:23040% 10
Jonny BrodzinskiC/RW1010003013:060:0000:0000% 0
Lukas SedlakC/LW0110001013:060:0000:00050% 2
Markus PhillipsD0333001113:180:0000:0000% 0
Martin PospisilC000020203:490:0000:00067% 3
Rourke ChartierC0000021013:440:0000:38175% 12
Ryan MacInnisC000000000:020:0000:000100% 1
Trevor Van RiemsdykD000-1002220:291:2412:1300% 0
Tyler PitlickC/RW1122215018:111:4220:0000% 1
Yegor KorshkovLW000000003:520:0000:0000% 0
Zach BogosianD0001220224:433:0103:0000% 0



Play-by-Play

1st period


0:01 of 1st period - Jaret Anderson-Dolan wins face-off versus Riley Nash in neutral zone.
0:35 of 1st period - Ashton Sautner is hit by Austin Strand and loses puck.
0:51 of 1st period - Jaret Anderson-Dolan is hit by Connor Corcoran and loses puck.
1:12 of 1st period - Shot by Blaine Byron.
1:12 of 1st period - Stopped by Alex Lyon without a rebound.
1:13 of 1st period - Rourke Chartier wins face-off versus Patrick Harper in Sound Tigers zone.
1:28 of 1st period - Shot by Paul Bittner.
1:28 of 1st period - Stopped by Alex Lyon without a rebound.
1:29 of 1st period - Eric Staal wins face-off versus Aaron Luchuk in Sound Tigers zone.
1:29 of 1st period - Eric Staal is hit by Nicolas Aube-Kubel.
1:56 of 1st period - Shot by Eric Staal.
1:56 of 1st period - Shot Misses the Net.
2:55 of 1st period - Shot by Thomas Tynan.
2:55 of 1st period - Stopped by Alex Lyon with a rebound.
3:07 of 1st period - Shot by Thomas Tynan.
3:07 of 1st period - Stopped by Alex Lyon with a rebound.
3:09 of 1st period - Shot by Axel Andersson.
3:09 of 1st period - Stopped by Alex Lyon without a rebound.
3:10 of 1st period - Paul Bittner wins face-off versus Jesper Fasth in Sound Tigers zone.
3:11 of 1st period - Shot by Patrick Harper.
3:11 of 1st period - Shot Blocked by Ashton Sautner.
3:13 of 1st period - Shot by Paul Bittner.
3:13 of 1st period - Deflect By Garnet Hathaway.
3:13 of 1st period - Shot Blocked by Ashton Sautner.
3:22 of 1st period - Jaret Anderson-Dolan is hit by Garnet Hathaway and loses puck.
3:29 of 1st period - Shot by Patrick Harper.
3:29 of 1st period - Stopped by Alex Lyon without a rebound.
3:30 of 1st period - Eric Staal wins face-off versus Riley Nash in Sound Tigers zone.
3:44 of 1st period - Shot by Mike Vecchione.
3:44 of 1st period - Shot Misses the Net.
4:20 of 1st period - Shot by Jaycob Megna.
4:20 of 1st period - Shot Misses the Net.
4:27 of 1st period - Minor Penalty to Christian Wolanin for Roughing.
4:28 of 1st period - Thomas Tynan wins face-off versus Joel Armia in Sound Tigers zone.
4:36 of 1st period - Icing by Thomas Tynan.
4:37 of 1st period - Thomas Tynan wins face-off versus Joel Armia in Crunch zone.
4:46 of 1st period - Axel Andersson is hit by Joel Armia and loses puck.
5:05 of 1st period - Shot by Connor Corcoran.
5:05 of 1st period - Shot Blocked by Zach Bogosian.
5:14 of 1st period - Shot by Axel Andersson.
5:14 of 1st period - Goal by Axel Andersson - Crunch : 1 - Sound Tigers : 0.
5:15 of 1st period - Rourke Chartier wins face-off versus Riley Nash in neutral zone.
5:34 of 1st period - Shot by Jonny Brodzinski.
5:34 of 1st period - Stopped by Anthony Stolarz without a rebound.
5:35 of 1st period - Eric Staal wins face-off versus Patrick Harper in Crunch zone.
5:42 of 1st period - Shot by Jimmy Vesey.
5:42 of 1st period - Shot Misses the Net.
5:44 of 1st period - Shot by Eric Staal.
5:44 of 1st period - Stopped by Anthony Stolarz without a rebound.
5:45 of 1st period - Riley Nash wins face-off versus Jaret Anderson-Dolan in Crunch zone.
5:45 of 1st period - Riley Nash is hit by Joel Armia.
5:58 of 1st period - Shot by Austin Strand.
5:58 of 1st period - Stopped by Alex Lyon without a rebound.
5:59 of 1st period - Ryan MacInnis wins face-off versus Thomas Tynan in Sound Tigers zone.
5:59 of 1st period - Ryan MacInnis is hit by Blaine Byron.
6:00 of 1st period - Ryan MacInnis from Sound Tigers is injured at 6:00 of 1st period (Back).
6:01 of 1st period - Jaret Anderson-Dolan wins face-off versus Thomas Tynan in Sound Tigers zone.
6:22 of 1st period - Shot by Jean-Christophe Beaudin.
6:22 of 1st period - Stopped by Alex Lyon without a rebound.
6:23 of 1st period - Riley Nash wins face-off versus Rourke Chartier in Sound Tigers zone.
6:23 of 1st period - Axel Andersson is hit by Christian Wolanin and loses puck.
6:30 of 1st period - Shot by Mason Shaw.
6:30 of 1st period - Shot Misses the Net.
6:32 of 1st period - Shot by Riley Nash.
6:32 of 1st period - Shot Blocked by Trevor Van Riemsdyk.
6:34 of 1st period - Shot by Riley Nash.
6:34 of 1st period - Shot Misses the Net.
6:36 of 1st period - Shot by Riley Nash.
6:36 of 1st period - Deflect By Mike Vecchione.
6:36 of 1st period - Goal by Mike Vecchione - Crunch : 2 - Sound Tigers : 0.
6:37 of 1st period - Jaret Anderson-Dolan wins face-off versus Thomas Tynan in neutral zone.
6:54 of 1st period - Jean-Christophe Beaudin is hit by Zach Bogosian and loses puck.
7:10 of 1st period - Icing by Zach Bogosian.
7:11 of 1st period - Riley Nash wins face-off versus Jaret Anderson-Dolan in Sound Tigers zone.
7:11 of 1st period - Riley Nash is hit by Zach Bogosian.
7:20 of 1st period - Off-side.
7:21 of 1st period - Eric Staal wins face-off versus Patrick Harper in neutral zone.
7:21 of 1st period - Markus Phillips is hit by Garnet Hathaway and loses puck.
7:47 of 1st period - Minor Penalty to Garnet Hathaway for Holding.
7:48 of 1st period - Jaret Anderson-Dolan wins face-off versus Riley Nash in Crunch zone.
7:56 of 1st period - Shot by Ashton Sautner.
7:56 of 1st period - Goal by Ashton Sautner - Crunch : 2 - Sound Tigers : 1.
7:57 of 1st period - Riley Nash wins face-off versus Martin Pospisil in neutral zone.
8:06 of 1st period - Shot by Mike Vecchione.
8:06 of 1st period - Stopped by Alex Lyon without a rebound.
8:07 of 1st period - Jaret Anderson-Dolan wins face-off versus Thomas Tynan in Sound Tigers zone.
8:07 of 1st period - Jaret Anderson-Dolan is hit by Blaine Byron.
8:17 of 1st period - Jean-Christophe Beaudin is hit by Jaret Anderson-Dolan and loses puck.
8:25 of 1st period - Jesper Fasth is hit by Jaycob Megna.
8:37 of 1st period - Icing by Jesper Fasth.
8:38 of 1st period - Riley Nash wins face-off versus Jaret Anderson-Dolan in Sound Tigers zone.
10:58 of 1st period - Shot by Blaine Byron.
10:58 of 1st period - Stopped by Alex Lyon without a rebound.
10:59 of 1st period - Martin Pospisil wins face-off versus Aaron Luchuk in Sound Tigers zone.
11:58 of 1st period - Icing by Austin Strand.
11:59 of 1st period - Thomas Tynan wins face-off versus Eric Staal in Crunch zone.
12:24 of 1st period - Shot by Jean-Christophe Beaudin.
12:24 of 1st period - Stopped by Alex Lyon with a rebound.
12:33 of 1st period - Shot by Jimmy Vesey.
12:33 of 1st period - Deflect By Tyler Pitlick.
12:33 of 1st period - Shot Blocked by Austin Strand.
13:51 of 1st period - Shot by Mike Vecchione.
13:51 of 1st period - Stopped by Alex Lyon with a rebound.
13:53 of 1st period - Shot by Riley Nash.
13:53 of 1st period - Shot Misses the Net.
13:55 of 1st period - Shot by Riley Nash.
13:55 of 1st period - Shot Blocked by Markus Phillips.
13:57 of 1st period - Shot by Riley Nash.
13:57 of 1st period - Shot Misses the Net.
13:59 of 1st period - Shot by Mikko Kokkonen.
13:59 of 1st period - Shot Hit the Post.
14:01 of 1st period - Shot by Mason Shaw.
14:01 of 1st period - Shot Misses the Net.
14:10 of 1st period - Icing by Markus Phillips.
14:11 of 1st period - Thomas Tynan wins face-off versus Rourke Chartier in Sound Tigers zone.
14:54 of 1st period - Icing by Jean-Christophe Beaudin.
14:55 of 1st period - Thomas Tynan wins face-off versus Jaret Anderson-Dolan in Crunch zone.
15:23 of 1st period - Icing by Connor Corcoran.
15:24 of 1st period - Patrick Harper wins face-off versus Eric Staal in Crunch zone.
15:56 of 1st period - Icing by Trevor Van Riemsdyk.
15:57 of 1st period - Eric Staal wins face-off versus Riley Nash in Sound Tigers zone.
18:11 of 1st period - Shot by Tyler Pitlick.
18:11 of 1st period - Stopped by Anthony Stolarz without a rebound.
18:12 of 1st period - Martin Pospisil wins face-off versus Aaron Luchuk in Crunch zone.
18:23 of 1st period - Shot by Martin Pospisil.
18:23 of 1st period - Stopped by Anthony Stolarz without a rebound.
18:24 of 1st period - Eric Staal wins face-off versus Riley Nash in Crunch zone.
19:27 of 1st period - Thomas Tynan is hit by Christian Wolanin and loses puck.
19:31 of 1st period - Thomas Tynan is hit by Christian Wolanin and loses puck.
19:38 of 1st period - Shot by Jean-Christophe Beaudin.
19:38 of 1st period - Shot Misses the Net.
19:40 of 1st period - Shot by Connor Corcoran.
19:40 of 1st period - Deflect By Thomas Tynan.
19:40 of 1st period - Shot Misses the Net.
19:42 of 1st period - Shot by Blaine Byron.
19:42 of 1st period - Stopped by Alex Lyon without a rebound.
19:43 of 1st period - Rourke Chartier wins face-off versus Patrick Harper in Sound Tigers zone.
19:43 of 1st period - Jonny Brodzinski is hit by Paul Bittner and loses puck.
Goals for this period are 2 for Crunch vs 1 for Sound Tigers.
Shots for this period are 15 for Crunch vs 5 for Sound Tigers.

2nd period


0:01 of 2nd period - Jaret Anderson-Dolan wins face-off versus Riley Nash in neutral zone.
0:11 of 2nd period - Minor Penalty to Jaycob Megna for Tripping.
0:12 of 2nd period - Riley Nash wins face-off versus Eric Staal in Crunch zone.
0:29 of 2nd period - Shot by Tyler Pitlick.
0:29 of 2nd period - Goal by Tyler Pitlick - Crunch : 2 - Sound Tigers : 2.
0:30 of 2nd period - Patrick Harper wins face-off versus Jaret Anderson-Dolan in neutral zone.
0:38 of 2nd period - Shot by Garnet Hathaway.
0:38 of 2nd period - Shot Blocked by Christian Wolanin.
1:07 of 2nd period - Shot by Garnet Hathaway.
1:07 of 2nd period - Stopped by Alex Lyon without a rebound.
1:08 of 2nd period - Eric Staal wins face-off versus Riley Nash in Sound Tigers zone.
1:16 of 2nd period - Icing by Zach Bogosian.
1:17 of 2nd period - Eric Staal wins face-off versus Riley Nash in Sound Tigers zone.
1:41 of 2nd period - Minor Penalty to Tyler Pitlick for Tripping.
1:42 of 2nd period - Thomas Tynan wins face-off versus Joel Armia in Sound Tigers zone.
2:22 of 2nd period - Christian Wolanin is hit by Jean-Christophe Beaudin.
2:44 of 2nd period - Shot by Mike Vecchione.
2:44 of 2nd period - Stopped by Alex Lyon without a rebound.
2:45 of 2nd period - Jesper Fasth wins face-off versus Riley Nash in Sound Tigers zone.
2:54 of 2nd period - Shot by Mike Vecchione.
2:54 of 2nd period - Stopped by Alex Lyon without a rebound.
2:55 of 2nd period - Jesper Fasth wins face-off versus Riley Nash in Sound Tigers zone.
3:57 of 2nd period - Garnet Hathaway is hit by Rourke Chartier and loses puck.
4:31 of 2nd period - Lukas Sedlak is hit by Blaine Byron and loses puck.
4:35 of 2nd period - Markus Phillips is hit by Austin Strand and loses puck.
4:52 of 2nd period - Shot by Jean-Christophe Beaudin.
4:52 of 2nd period - Shot Misses the Net.
5:04 of 2nd period - Shot by Jean-Christophe Beaudin.
5:04 of 2nd period - Shot Misses the Net.
6:44 of 2nd period - Shot by Mason Shaw.
6:44 of 2nd period - Shot Blocked by Trevor Van Riemsdyk.
6:52 of 2nd period - Shot by Mike Vecchione.
6:52 of 2nd period - Stopped by Alex Lyon without a rebound.
6:53 of 2nd period - Rourke Chartier wins face-off versus Patrick Harper in Sound Tigers zone.
6:53 of 2nd period - Ashton Sautner is hit by Garnet Hathaway and loses puck.
7:03 of 2nd period - Minor Penalty to Zach Bogosian for Hooking.
7:04 of 2nd period - Rourke Chartier wins face-off versus Riley Nash in Sound Tigers zone.
7:13 of 2nd period - Shot by Rourke Chartier.
7:13 of 2nd period - Stopped by Anthony Stolarz without a rebound.
7:14 of 2nd period - Riley Nash wins face-off versus Joel Armia in Crunch zone.
7:21 of 2nd period - Shot by Mason Shaw.
7:21 of 2nd period - Stopped by Alex Lyon without a rebound.
7:22 of 2nd period - Riley Nash wins face-off versus Joel Armia in Sound Tigers zone.
7:55 of 2nd period - Jesper Fasth is hit by Riley Nash and loses puck.
8:29 of 2nd period - Jaycob Megna is hit by Rourke Chartier and loses puck.
8:58 of 2nd period - Shot by Axel Andersson.
8:58 of 2nd period - Stopped by Alex Lyon with a rebound.
9:00 of 2nd period - Shot by Connor Corcoran.
9:00 of 2nd period - Goal by Connor Corcoran - Crunch : 3 - Sound Tigers : 2.
9:01 of 2nd period - Rourke Chartier wins face-off versus Patrick Harper in neutral zone.
10:27 of 2nd period - Icing by Mikko Kokkonen.
10:28 of 2nd period - Eric Staal wins face-off versus Patrick Harper in Crunch zone.
10:50 of 2nd period - Tyler Pitlick is hit by Connor Corcoran and loses puck.
10:53 of 2nd period - Shot by Tyler Pitlick.
10:53 of 2nd period - Shot Misses the Net.
10:55 of 2nd period - Shot by Tyler Pitlick.
10:55 of 2nd period - Shot Blocked by Connor Corcoran.
10:57 of 2nd period - Shot by Tyler Pitlick.
10:57 of 2nd period - Shot Misses the Net.
11:07 of 2nd period - Shot by Jimmy Vesey.
11:07 of 2nd period - Shot Misses the Net.
11:09 of 2nd period - Shot by Christian Wolanin.
11:09 of 2nd period - Shot Misses the Net.
11:28 of 2nd period - Shot by Joel Armia.
11:28 of 2nd period - Deflect By Jaret Anderson-Dolan.
11:28 of 2nd period - Goal by Jaret Anderson-Dolan - Crunch : 3 - Sound Tigers : 3.
11:29 of 2nd period - Jean-Christophe Beaudin wins face-off versus Lukas Sedlak in neutral zone.
11:48 of 2nd period - Shot by Jonny Brodzinski.
11:48 of 2nd period - Goal by Jonny Brodzinski - Crunch : 3 - Sound Tigers : 4.
11:49 of 2nd period - Joel Armia wins face-off versus Aaron Luchuk in neutral zone.
11:49 of 2nd period - Jesper Fasth is hit by Nicolas Aube-Kubel and loses puck.
11:57 of 2nd period - Joel Armia is hit by Jaycob Megna and loses puck.
12:02 of 2nd period - Shot by Joel Armia.
12:02 of 2nd period - Stopped by Anthony Stolarz with a rebound.
12:04 of 2nd period - Shot by Joel Armia.
12:04 of 2nd period - Deflect By Jesper Fasth.
12:04 of 2nd period - Shot Blocked by Jaycob Megna.
12:06 of 2nd period - Shot by Markus Phillips.
12:06 of 2nd period - Stopped by Anthony Stolarz without a rebound.
12:07 of 2nd period - Thomas Tynan wins face-off versus Eric Staal in Crunch zone.
12:12 of 2nd period - Shot by Jimmy Vesey.
12:12 of 2nd period - Stopped by Anthony Stolarz with a rebound.
12:31 of 2nd period - Christian Wolanin is hit by Blaine Byron and loses puck.
13:01 of 2nd period - Jaret Anderson-Dolan is hit by Connor Corcoran and loses puck.
13:30 of 2nd period - Joel Armia is hit by Connor Corcoran and loses puck.
14:05 of 2nd period - Shot by Mike Vecchione.
14:05 of 2nd period - Shot Misses the Net.
14:13 of 2nd period - Shot by Mason Shaw.
14:13 of 2nd period - Stopped by Alex Lyon without a rebound.
14:14 of 2nd period - Eric Staal wins face-off versus Patrick Harper in Sound Tigers zone.
14:14 of 2nd period - Eric Staal is hit by Garnet Hathaway.
14:39 of 2nd period - Eric Staal is hit by Garnet Hathaway and loses puck.
15:16 of 2nd period - Icing by Jimmy Vesey.
15:17 of 2nd period - Eric Staal wins face-off versus Aaron Luchuk in Sound Tigers zone.
15:26 of 2nd period - Minor Penalty to Aaron Luchuk for Roughing.
15:27 of 2nd period - Riley Nash wins face-off versus Jesper Fasth in Crunch zone.
15:42 of 2nd period - Shot by Jaret Anderson-Dolan.
15:42 of 2nd period - Stopped by Anthony Stolarz with a rebound.
16:10 of 2nd period - Shot by Joel Armia.
16:10 of 2nd period - Stopped by Anthony Stolarz with a rebound.
16:22 of 2nd period - Connor Corcoran is hit by Jimmy Vesey and loses puck.
16:27 of 2nd period - Shot by Jimmy Vesey.
16:27 of 2nd period - Shot Misses the Net.
16:35 of 2nd period - Shot by Eric Staal.
16:35 of 2nd period - Stopped by Anthony Stolarz without a rebound.
16:36 of 2nd period - Riley Nash wins face-off versus Jaret Anderson-Dolan in Crunch zone.
16:42 of 2nd period - Icing by Joel Armia.
16:43 of 2nd period - Jesper Fasth wins face-off versus Riley Nash in Sound Tigers zone.
16:52 of 2nd period - Shot by Joel Armia.
16:52 of 2nd period - Shot Blocked by Austin Strand.
17:26 of 2nd period - Shot by Eric Staal.
17:26 of 2nd period - Shot Misses the Net.
18:29 of 2nd period - Shot by Martin Pospisil.
18:29 of 2nd period - Stopped by Anthony Stolarz without a rebound.
18:30 of 2nd period - Eric Staal wins face-off versus Riley Nash in Crunch zone.
18:31 of 2nd period - Shot by Tyler Pitlick.
18:31 of 2nd period - Stopped by Anthony Stolarz with a rebound.
18:42 of 2nd period - Off-side.
18:43 of 2nd period - Thomas Tynan wins face-off versus Eric Staal in neutral zone.
18:52 of 2nd period - Shot by Tyler Pitlick.
18:52 of 2nd period - Stopped by Anthony Stolarz without a rebound.
18:53 of 2nd period - Riley Nash wins face-off versus Jaret Anderson-Dolan in Crunch zone.
Goals for this period are 1 for Crunch vs 3 for Sound Tigers.
Shots for this period are 8 for Crunch vs 13 for Sound Tigers.

3rd period


0:01 of 3rd period - Riley Nash wins face-off versus Jaret Anderson-Dolan in neutral zone.
0:01 of 3rd period - Mason Shaw is hit by Jesper Fasth and loses puck.
0:28 of 3rd period - Shot by Mason Shaw.
0:28 of 3rd period - Stopped by Alex Lyon without a rebound.
0:29 of 3rd period - Blaine Byron wins face-off versus Eric Staal in Sound Tigers zone.
1:00 of 3rd period - Thomas Tynan is hit by Christian Wolanin and loses puck.
1:09 of 3rd period - Shot by Blaine Byron.
1:09 of 3rd period - Shot Blocked by Christian Wolanin.
2:21 of 3rd period - Icing by Austin Strand.
2:22 of 3rd period - Lukas Sedlak wins face-off versus Aaron Luchuk in Crunch zone.
2:26 of 3rd period - Jonny Brodzinski is hit by Austin Strand and loses puck.
2:36 of 3rd period - Jonny Brodzinski is hit by Jaycob Megna and loses puck.
3:14 of 3rd period - Minor Penalty to Martin Pospisil for Hooking.
3:15 of 3rd period - Thomas Tynan wins face-off versus Joel Armia in Sound Tigers zone.
3:28 of 3rd period - Shot by Blaine Byron.
3:28 of 3rd period - Shot Misses the Net.
3:30 of 3rd period - Shot by Jean-Christophe Beaudin.
3:30 of 3rd period - Shot Blocked by Zach Bogosian.
3:32 of 3rd period - Shot by Connor Corcoran.
3:32 of 3rd period - Stopped by Alex Lyon without a rebound.
3:33 of 3rd period - Thomas Tynan wins face-off versus Jaret Anderson-Dolan in Sound Tigers zone.
3:36 of 3rd period - Shot by Axel Andersson.
3:36 of 3rd period - Stopped by Alex Lyon without a rebound.
3:37 of 3rd period - Joel Armia wins face-off versus Thomas Tynan in Sound Tigers zone.
3:52 of 3rd period - Trevor Van Riemsdyk is hit by Blaine Byron and loses puck.
4:20 of 3rd period - Icing by Mason Shaw.
4:21 of 3rd period - Jesper Fasth wins face-off versus Riley Nash in Crunch zone.
4:43 of 3rd period - Icing by Mike Vecchione.
4:44 of 3rd period - Joel Armia wins face-off versus Riley Nash in Crunch zone.
4:48 of 3rd period - Icing by Austin Strand.
4:49 of 3rd period - Joel Armia wins face-off versus Riley Nash in Crunch zone.
5:22 of 3rd period - Shot by Jimmy Vesey.
5:22 of 3rd period - Stopped by Anthony Stolarz without a rebound.
5:23 of 3rd period - Eric Staal wins face-off versus Thomas Tynan in Crunch zone.
5:32 of 3rd period - Shot by Jimmy Vesey.
5:32 of 3rd period - Stopped by Anthony Stolarz without a rebound.
5:33 of 3rd period - Rourke Chartier wins face-off versus Patrick Harper in Crunch zone.
5:45 of 3rd period - Jonny Brodzinski is hit by Xavier Bouchard and loses puck.
7:40 of 3rd period - Icing by Austin Strand.
7:41 of 3rd period - Eric Staal wins face-off versus Riley Nash in Crunch zone.
7:48 of 3rd period - Shot by Jimmy Vesey.
7:48 of 3rd period - Stopped by Anthony Stolarz without a rebound.
7:49 of 3rd period - Patrick Harper wins face-off versus Tyler Pitlick in Crunch zone.
7:56 of 3rd period - Tyler Pitlick is hit by Paul Bittner and loses puck.
8:09 of 3rd period - Eric Staal is hit by Mikko Kokkonen and loses puck.
8:17 of 3rd period - Tyler Pitlick is hit by Mikko Kokkonen.
8:40 of 3rd period - Off-side.
8:41 of 3rd period - Jaret Anderson-Dolan wins face-off versus Mike Vecchione in neutral zone.
9:14 of 3rd period - Shot by Mike Vecchione.
9:14 of 3rd period - Shot Misses the Net.
9:16 of 3rd period - Shot by Mason Shaw.
9:16 of 3rd period - Deflect By Mike Vecchione.
9:16 of 3rd period - Shot Misses the Net.
9:18 of 3rd period - Shot by Riley Nash.
9:18 of 3rd period - Shot Misses the Net.
9:51 of 3rd period - Shot by Lukas Sedlak.
9:51 of 3rd period - Stopped by Anthony Stolarz with a rebound.
9:53 of 3rd period - Shot by Trevor Van Riemsdyk.
9:53 of 3rd period - Stopped by Anthony Stolarz without a rebound.
9:54 of 3rd period - Eric Staal wins face-off versus Patrick Harper in Crunch zone.
10:27 of 3rd period - Shot by Eric Staal.
10:27 of 3rd period - Goal by Eric Staal - Crunch : 3 - Sound Tigers : 5.
10:28 of 3rd period - Rourke Chartier wins face-off versus Thomas Tynan in neutral zone.
10:55 of 3rd period - Shot by Blaine Byron.
10:55 of 3rd period - Shot Blocked by Christian Wolanin.
10:57 of 3rd period - Shot by Austin Strand.
10:57 of 3rd period - Shot Misses the Net.
11:06 of 3rd period - Blaine Byron is hit by Christian Wolanin and loses puck.
11:45 of 3rd period - Jesper Fasth is hit by Connor Corcoran.
12:01 of 3rd period - Shot by Jesper Fasth.
12:01 of 3rd period - Shot Misses the Net.
12:31 of 3rd period - Shot by Jimmy Vesey.
12:31 of 3rd period - Deflect By Eric Staal.
12:31 of 3rd period - Shot Blocked by Connor Corcoran.
12:33 of 3rd period - Shot by Jimmy Vesey.
12:33 of 3rd period - Stopped by Anthony Stolarz without a rebound.
12:34 of 3rd period - Garnet Hathaway wins face-off versus Eric Staal in Crunch zone.
12:34 of 3rd period - Garnet Hathaway is hit by Jimmy Vesey.
12:43 of 3rd period - Icing by Jimmy Schuldt.
12:44 of 3rd period - Eric Staal wins face-off versus Thomas Tynan in Sound Tigers zone.
12:58 of 3rd period - Shot by Tyler Pitlick.
12:58 of 3rd period - Shot Misses the Net.
13:00 of 3rd period - Shot by Jimmy Vesey.
13:00 of 3rd period - Deflect By Eric Staal.
13:00 of 3rd period - Shot Misses the Net.
13:02 of 3rd period - Shot by Jimmy Schuldt.
13:02 of 3rd period - Shot Misses the Net.
13:12 of 3rd period - Shot by Jimmy Vesey.
13:12 of 3rd period - Goal by Jimmy Vesey - Crunch : 3 - Sound Tigers : 6.
13:13 of 3rd period - Jaret Anderson-Dolan wins face-off versus Patrick Harper in neutral zone.
13:18 of 3rd period - Icing by Paul Bittner.
13:19 of 3rd period - Jaret Anderson-Dolan wins face-off versus Patrick Harper in Crunch zone.
13:24 of 3rd period - Shot by Joel Armia.
13:24 of 3rd period - Shot Misses the Net.
13:26 of 3rd period - Shot by Joel Armia.
13:26 of 3rd period - Stopped by Anthony Stolarz without a rebound.
13:27 of 3rd period - Jaret Anderson-Dolan wins face-off versus Thomas Tynan in Crunch zone.
13:33 of 3rd period - Icing by Austin Strand.
13:34 of 3rd period - Thomas Tynan wins face-off versus Jaret Anderson-Dolan in Crunch zone.
13:41 of 3rd period - Shot by Austin Strand.
13:41 of 3rd period - Shot Misses the Net.
13:50 of 3rd period - Icing by Joel Armia.
13:51 of 3rd period - Mike Vecchione wins face-off versus Jaret Anderson-Dolan in Sound Tigers zone.
14:16 of 3rd period - Minor Penalty to Mason Shaw for Tripping.
14:17 of 3rd period - Riley Nash wins face-off versus Eric Staal in Crunch zone.
14:17 of 3rd period - Riley Nash is hit by Tyler Pitlick.
14:31 of 3rd period - Shot by Eric Staal.
14:31 of 3rd period - Stopped by Anthony Stolarz without a rebound.
14:32 of 3rd period - Riley Nash wins face-off versus Jaret Anderson-Dolan in Crunch zone.
14:32 of 3rd period - Riley Nash is hit by Joel Armia.
14:55 of 3rd period - Icing by Zach Bogosian.
14:56 of 3rd period - Riley Nash wins face-off versus Jaret Anderson-Dolan in Sound Tigers zone.
15:15 of 3rd period - Shot by Jesper Fasth.
15:15 of 3rd period - Stopped by Anthony Stolarz without a rebound.
15:16 of 3rd period - Eric Staal wins face-off versus Nicolas Aube-Kubel in Crunch zone.
15:23 of 3rd period - Shot by Tyler Pitlick.
15:23 of 3rd period - Stopped by Anthony Stolarz without a rebound.
15:24 of 3rd period - Eric Staal wins face-off versus Thomas Tynan in Crunch zone.
15:24 of 3rd period - Eric Staal is hit by Jaycob Megna.
15:50 of 3rd period - Shot by Trevor Van Riemsdyk.
15:50 of 3rd period - Stopped by Anthony Stolarz without a rebound.
15:51 of 3rd period - Nicolas Aube-Kubel wins face-off versus Jaret Anderson-Dolan in Crunch zone.
16:35 of 3rd period - Shot by Jonny Brodzinski.
16:35 of 3rd period - Stopped by Anthony Stolarz without a rebound.
16:36 of 3rd period - Eric Staal wins face-off versus Riley Nash in Crunch zone.
17:48 of 3rd period - Icing by Garnet Hathaway.
17:49 of 3rd period - Rourke Chartier wins face-off versus Patrick Harper in Crunch zone.
17:49 of 3rd period - Jonny Brodzinski is hit by Connor Corcoran and loses puck.
17:59 of 3rd period - Off-side.
18:00 of 3rd period - Jaret Anderson-Dolan wins face-off versus Thomas Tynan in neutral zone.
18:17 of 3rd period - Shot by Jesper Fasth.
18:17 of 3rd period - Shot Misses the Net.
18:19 of 3rd period - Shot by Joel Armia.
18:19 of 3rd period - Stopped by Anthony Stolarz without a rebound.
18:20 of 3rd period - Riley Nash wins face-off versus Rourke Chartier in Crunch zone.
18:27 of 3rd period - Shot by Mike Vecchione.
18:27 of 3rd period - Stopped by Alex Lyon without a rebound.
18:28 of 3rd period - Thomas Tynan wins face-off versus Jaret Anderson-Dolan in Sound Tigers zone.
18:47 of 3rd period - Joel Armia is hit by Jaycob Megna and loses puck.
Goals for this period are 0 for Crunch vs 2 for Sound Tigers.
Shots for this period are 4 for Crunch vs 15 for Sound Tigers.